 Dungeon Crawl Stone Soup version 0.27.0-1-g7a089689b8 (webtiles) character file.

Game seed: 1083137535883146559

221 nicksoapdish the Magician (level 6, -8/40 HPs)
             Began as a Djinni Fire Elementalist on Aug 6, 2021.
             Killed by divine providence
             ... invoked by an orc priest
              (14 damage)
             ... on level 4 of the Dungeon.
             The game lasted 00:13:31 (3337 turns).

nicksoapdish the Magician (DjFE)                    Turns: 3337, Time: 00:13:31

Health: -8/40      AC:  2    Str:  7    XL:     6   Next: 18%
Gold:   152        EV: 17    Int: 18    God:
                   SH:  0    Dex: 14

rFire    + + +     SeeInvis .   a - staff of fire
rCold    . . .     Faith    .   (no shield)
rNeg     . . .     Spirit   .   c - +0 robe
rPois    ∞         Reflect  .   (no helmet)
rElec    .         Harm     .   (no cloak)
rCorr    .         Rampage  .   (no gloves)
Will     .....                  (boots unavailable)
Stlth    ++........             (no amulet)
HPRegen  0.13/turn              e - +4 ring of evasion
MPRegen  0.00/turn              k - ring of protection from cold

@: flying
A: sickness immunity, fire resistance 2, cold vulnerability 1, float, innate
caster, hp casting, extra vitality 1
a: no special abilities


You were on level 4 of the Dungeon.
You visited 1 branch of the dungeon, and saw 4 of its levels.

You collected 152 gold pieces.

Inventory:

Hand Weapons
 h - a +0 dagger
Armour
 c - a +0 robe (worn)
 m - a scarf of shadows
Magical Staves
 a - a staff of fire (weapon)
Jewellery
 e - a +4 ring of evasion (left hand)
 k - a ring of protection from cold (right hand)
 n - an amulet of faith
Scrolls
 f - a scroll of fear {unknown}
 g - a scroll of magic mapping {unknown}
 o - a scroll of amnesia {unknown}
Potions
 b - 2 potions of brilliance
 d - a potion of invisibility
 i - a potion of cancellation
 j - a potion of might
 l - a potion of flight {unknown}


   Skills:
 * Level 3.4 Dodging
 - Level 1.5 Stealth
 + Level 4.6 Spellcasting


You couldn't memorise any spells.
You knew the following spells:

 Your Spells              Type           Power      Damage    Failure   Level
a - Foxfire               Conj/Fire      100%       2x1d9     1%          1
b - Conjure Flame         Conj/Fire      31%        6-21      6%          3
c - Wereblood             Tmut           20%        N/A       3%          2
d - Sticky Flame          Conj/Fire      31%        2d5       21%         4
e - Fireball              Conj/Fire      15%        3d8       50%         5
f - Sting                 Tmut/Pois      80%        1d7       1%          1
g - Inner Flame           Hex/Fire       31%        N/A       6%          3
Your spell library was empty.

Dungeon Overview and Level Annotations

Branches:
Dungeon (4/15)
 Temple: D:4-7

Altars:

Annotations:
D:4 3 runed translucent doors, Grinder


Innate Abilities, Weirdness & Mutations

You are immune to sickness and miasma.
You are immune to poison.
Your flesh is very heat resistant. (rF++)
You are vulnerable to cold. (rC-)
You float through the air rather than walking.
You learn spells naturally, not from books.
Your magical power is your life essence.
You have superior vitality. (+4 HP)


Message History

Confirm with . or Enter, or press ? or * to list all spells.
You feel a surge of power!
You conjure some foxfire!
The orc priest shouts!
You hear a shout! x2
The orc priest miscasts a cantrip.
You hear a shout!
Casting: Foxfire (safe; 2% risk of failure)
Confirm with . or Enter, or press ? or * to list all spells.
You feel a surge of power!
You conjure some foxfire!
The foxfire hits the orc priest but does no damage. x2
The foxfire hits the orc.
The orc is moderately wounded.
Casting: Foxfire (safe; 2% risk of failure)
Confirm with . or Enter, or press ? or * to list all spells.
You feel a surge of power!
You conjure some foxfire!
The foxfire hits the orc.
You kill the orc!
Grinder gestures at you.
You suddenly lose the ability to move!
The foxfire hits the orc priest but does no damage.
The foxfire hits the orc priest.
The orc priest is lightly wounded.
The orc priest completely misses you.
The orc priest hits you with a +0 hand axe.
The orc priest mumbles some strange prayers to Beogh against you.
You struggle to resist.
The orc priest hits you with a +0 hand axe. x2
Grinder blinks!
You can move again.
Items here: ( ) / [ †.
Casting: Foxfire (safe; 1% risk of failure)
Confirm with . or Enter, or press ? or * to list all spells.
You feel a surge of power!
You conjure some foxfire!
The orc priest calls down the wrath of Beogh upon you.
Beogh smites you!
* * * LOW HITPOINT WARNING * * *
Your foxfire dissipates!
The foxfire hits the orc priest.
The orc priest is moderately wounded.
The orc priest invokes the aid of Beogh against you.
Beogh smites you!
You die...

#################
#[.....5.........
#.######.......## #.#
#.......#
#######.######.......#
+...o........+.......+
#...§##.######.......#
#....##@# #########
#....##)# ...#....5o.#
.........###
#..#####..# #...##.##
....#..# #..##.#
#..#.#


You could see an orc priest.

Vanquished Creatures
  A water moccasin skeleton (D:4)
  A hound (D:4)
  An orc wizard (D:4)
  5 adders
  A gnoll (D:1)
  4 dart slugs
  2 orcs (D:4)
  3 bats
  3 endoplasms
  4 giant cockroaches
  4 goblins
  6 hobgoblins
  3 kobolds
  4 quokkas
  6 ball pythons
  A frilled lizard (D:1)
  7 rats
56 creatures vanquished.

Vanquished Creatures (others)
  176 foxfires
176 creatures vanquished.

Grand Total: 232 creatures vanquished

Notes
Turn   | Place    | Note
-------+----------+-------------------------------------------
     0 | D:1      | nicksoapdish the Djinni Fire Elementalist began the quest
                  | for the Orb.
     0 | D:1      | Reached XP level 1. HP: 15/15 MP: 0/0
   367 | D:1      | Reached XP level 2. HP: 17/21 MP: 0/0
   821 | D:1      | Reached skill level 3 in Spellcasting
   821 | D:1      | Reached XP level 3. HP: 22/25 MP: 0/0
   821 | D:1      | Learned a level 1 spell: Sting
  1798 | D:2      | Reached XP level 4. HP: 27/31 MP: 0/0
  2327 | D:3      | Reached XP level 5. HP: 28/35 MP: 0/0
  2327 | D:3      | Learned a level 2 spell: Wereblood
  2725 | D:3      | Found a faded altar of an unknown god.
  3020 | D:4      | Reached skill level 4 in Spellcasting
  3142 | D:4      | Reached XP level 6. HP: 35/40 MP: 0/0
  3244 | D:4      | Found a runed translucent gate.
  3244 | D:4      | Found a runed translucent gate.
  3248 | D:4      | Found a runed translucent gate.
  3297 | D:4      | Noticed Grinder
  3328 | D:4      | Paralysed by Grinder for 7 turns
  3337 | D:4      | Killed from afar by an orc priest

Illustrated notes

Levels and vault maps discovered:
D:1:      wander_arrival_chamber, layout_loops_ring
D:2:      layout_rooms
D:3:      layout_loops_cross, hellmonk_ecumenical_altar_slurped_away
D:4:      layout_basic, gammafunk_ghost_icy, uniq_eustachio, uniq_grinder,
          uniq_pikel

Skill      XL: |  1  2  3  4  5 |
---------------+----------------+-----
Spellcasting   | 3 4 |  4.6
Dodging        | 3 |  3.4
Stealth        | |  1.5

Action                   |  1- 3 |  4- 6 || total
-------------------------+-------+-------++-------
Melee: Unarmed           |     5 |       ||     5
       Dagger            |     4 |       ||     4
       Staff             |       |     5 ||     5
 Cast: Foxfire           |    50 |    62 ||   112
       Conjure Flame     |     2 |     2 ||     4
  Use: Scroll            |       |     4 ||     4
Armor: Robe              |     2 |       ||     2
Dodge: Dodged            |    14 |    34 ||    48
